[ AOE2 MATCH · #506796049 ]
UnrankedSpanish vs Wei
Player's team · WIN
Rival team · LOSS
[ REPLAY ANALYSIS · EXTRACTED FROM THE RECORDED GAME ]
Feudal
11:03
Castle
15:50
Imperial
—
| APM avg | 51.2 |
| APM peak | 110 |
| eAPM avg | 25.5 |
| Villagers / military | 111 / 58 |
Focus
⚔️ 38.1% · 🌾 61.9%
Conquistador ×47 · Battering Ram ×7 · Missionary ×4
Feudal
9:24
Castle
20:28
Imperial
36:45
| APM avg | 60.3 |
| APM peak | 106 |
| eAPM avg | 24.7 |
| Villagers / military | 133 / 48 |
Focus
⚔️ 42.1% · 🌾 57.9%
Unknown (1952) ×71 · Skirmisher ×37 · Archer ×10 · Unknown (1942) ×2 · Monk ×1
Match map
Initial resources + every placement click. Lines = walls · curves = elevation contours. ◆ gold · ⬟ stone · ● berries · ✦ relic · ◌ wall gap
Your base· Open — unwalled flank
Jayklops's base· Open — 10t gap
Smoothed initial terrain · ◌ = detected wall gap · hover for details
Inputs per minute
— 北冥有鲲 - - Jayklops
Build order — 北冥有鲲
First 150 of 282 actions detected
| 0:03 | Queue | Villager (Male) |
| 0:03 | Queue | Villager (Male) |
| 0:04 | Queue | Villager (Male) |
| 0:06 | Build | House |
| 0:07 | Build | House |
| 0:21 | Build | House |
| 0:52 | Queue | Villager (Male) |
| 0:52 | Queue | Villager (Male) |
| 1:37 | Queue | Villager (Male) |
| 1:37 | Queue | Villager (Male) |
| 1:39 | Build | House |
| 1:55 | Queue | Villager (Male) |
| 2:25 | Queue | Villager (Male) |
| 2:26 | Queue | Villager (Male) |
| 2:57 | Queue | Villager (Male) |
| 3:11 | Build | Mill |
| 3:43 | Queue | Villager (Male) |
| 3:43 | Queue | Villager (Male) |
| 4:05 | Queue | Villager (Male) |
| 4:05 | Queue | Villager (Male) |
| 4:26 | Queue | Villager (Male) |
| 5:03 | Build | Lumber Camp |
| 5:08 | Queue | Villager (Male) |
| 5:09 | Queue | Villager (Male) |
| 5:09 | Queue | Villager (Male) |
| 5:32 | Queue | Villager (Male) |
| 5:46 | Queue | Villager (Male) |
| 6:07 | Queue | Villager (Male) |
| 6:43 | Build | Farm |
| 6:48 | Research | Loom |
| 6:48 | Research | Loom |
| 6:51 | Build | House |
| 6:58 | Queue | Villager (Male) |
| 7:18 | Queue | Villager (Male) |
| 7:21 | Build | Farm |
| 7:36 | Build | House |
| 7:42 | Queue | Villager (Male) |
| 7:53 | Build | Farm |
| 8:19 | Queue | Villager (Male) |
| 8:31 | Build | Mining Camp |
| 8:42 | Research | Feudal Age |
| 8:43 | Research | Feudal Age |
| 9:13 | Build | Mining Camp |
| 10:05 | Build | Palisade Wall |
| 10:07 | Build | Palisade Wall |
| 10:22 | Queue | Villager (Male) |
| 11:03 | Age | Feudal Age |
| 11:06 | Build | Market |
| 11:10 | Queue | Villager (Male) |
| 11:21 | Build | Watch Tower |
| 11:47 | Queue | Villager (Male) |
| 11:53 | Queue | Villager (Male) |
| 11:59 | Build | Watch Tower |
| 12:42 | Build | Blacksmith |
| 12:45 | Queue | Villager (Male) |
| 13:05 | Build | Palisade Gate |
| 13:08 | Research | Castle Age |
| 13:08 | Research | Castle Age |
| 13:53 | Build | House |
| 14:01 | Research | Horse Collar |
| 14:25 | Build | Farm |
| 14:28 | Build | Farm |
| 14:30 | Build | Farm |
| 14:35 | Build | Farm |
| 14:52 | Research | Double-Bit Axe |
| 14:54 | Queue | Villager (Male) |
| 14:59 | Build | House |
| 15:01 | Build | House |
| 15:16 | Build | Outpost |
| 15:30 | Build | Farm |
| 15:44 | Build | Watch Tower |
| 15:50 | Age | Castle Age |
| 15:51 | Queue | Villager (Male) |
| 16:06 | Build | Palisade Wall |
| 16:06 | Build | Palisade Wall |
| 16:07 | Build | Palisade Wall |
| 16:12 | Queue | Villager (Male) |
| 16:37 | Research | Town Watch |
| 16:42 | Build | Farm |
| 16:43 | Build | Farm |
| 17:03 | Queue | Villager (Male) |
| 17:47 | Queue | Villager (Male) |
| 18:44 | Queue | Villager (Male) |
| 18:45 | Queue | Villager (Male) |
| 19:09 | Queue | Villager (Male) |
| 19:10 | Queue | Villager (Male) |
| 19:17 | Build | Castle |
| 20:01 | Build | Lumber Camp |
| 20:24 | Queue | Conquistador |
| 20:44 | Build | Farm |
| 20:46 | Queue | Villager (Male) |
| 20:54 | Build | Farm |
| 21:06 | Queue | Villager (Male) |
| 21:20 | Build | Monastery |
| 21:28 | Queue | Conquistador |
| 21:41 | Build | Farm |
| 21:45 | Queue | Villager (Male) |
| 21:45 | Queue | Villager (Male) |
| 22:00 | Queue | Missionary |
| 22:06 | Queue | Villager (Male) |
| 22:23 | Queue | Conquistador |
| 22:38 | Queue | Villager (Male) |
| 22:39 | Queue | Villager (Male) |
| 22:56 | Build | Town Center |
| 23:08 | Queue | Conquistador |
| 23:09 | Queue | Villager (Male) |
| 23:09 | Queue | Villager (Male) |
| 23:25 | Queue | Villager (Male) |
| 23:41 | Queue | Villager (Male) |
| 23:53 | Build | Farm |
| 23:58 | Build | Farm |
| 24:03 | Queue | Conquistador |
| 24:11 | Research | Bow Saw |
| 24:13 | Queue | Villager (Male) |
| 24:16 | Queue | Conquistador |
| 24:38 | Queue | Villager (Male) |
| 24:41 | Queue | Villager (Male) |
| 24:44 | Build | Farm |
| 24:45 | Build | Farm |
| 24:46 | Build | Farm |
| 24:51 | Build | Farm |
| 24:53 | Queue | Villager (Male) |
| 24:58 | Build | Farm |
| 25:17 | Queue | Missionary |
| 25:17 | Queue | Missionary |
| 25:19 | Queue | Conquistador |
| 25:21 | Queue | Villager (Male) |
| 25:21 | Queue | Villager (Male) |
| 25:55 | Queue | Conquistador |
| 26:03 | Queue | Conquistador |
| 26:04 | Queue | Villager (Male) |
| 26:05 | Queue | Villager (Male) |
| 26:28 | Queue | Villager (Male) |
| 26:28 | Queue | Villager (Male) |
| 26:33 | Build | Town Center |
| 26:37 | Build | Farm |
| 26:41 | Build | Farm |
| 27:00 | Research | Wheelbarrow |
| 27:01 | Research | Wheelbarrow |
| 27:14 | Queue | Conquistador |
| 27:23 | Build | Barracks |
| 27:33 | Build | Barracks |
| 27:36 | Queue | Conquistador |
| 27:39 | Research | Padded Archer Armor |
| 27:40 | Queue | Villager (Male) |
| 27:58 | Queue | Conquistador |
| 28:15 | Build | Farm |
| 28:16 | Build | Farm |
| 28:43 | Build | Lumber Camp |
| 28:47 | Queue | Conquistador |
Build order — Jayklops
First 150 of 420 actions detected
| 0:01 | Queue | Villager (Male) |
| 0:02 | Build | House |
| 0:03 | Build | House |
| 0:08 | Queue | Villager (Male) |
| 0:14 | Queue | Villager (Male) |
| 0:15 | Queue | Villager (Male) |
| 1:25 | Queue | Villager (Male) |
| 1:26 | Queue | Villager (Male) |
| 1:52 | Queue | Villager (Male) |
| 1:52 | Queue | Villager (Male) |
| 2:02 | Build | Lumber Camp |
| 2:19 | Queue | Villager (Male) |
| 2:19 | Queue | Villager (Male) |
| 2:47 | Queue | Villager (Male) |
| 3:03 | Queue | Villager (Male) |
| 3:27 | Build | House |
| 3:37 | Queue | Villager (Male) |
| 3:37 | Queue | Villager (Male) |
| 3:47 | Queue | Villager (Male) |
| 4:01 | Build | Mill |
| 4:12 | Queue | Villager (Male) |
| 4:50 | Queue | Villager (Male) |
| 5:21 | Queue | Villager (Male) |
| 5:42 | Queue | Villager (Male) |
| 5:56 | Queue | Villager (Male) |
| 5:56 | Research | Loom |
| 7:14 | Research | Feudal Age |
| 8:21 | Build | Barracks |
| 8:50 | Queue | Villager (Male) |
| 8:54 | Build | House |
| 9:22 | Queue | Villager (Male) |
| 9:24 | Age | Feudal Age |
| 9:25 | Build | Archery Range |
| 9:59 | Queue | Villager (Male) |
| 10:01 | Build | Blacksmith |
| 10:03 | Research | Double-Bit Axe |
| 10:08 | Queue | Archer |
| 10:31 | Build | Watch Tower |
| 10:36 | Build | House |
| 10:41 | Queue | Villager (Male) |
| 10:49 | Build | Mining Camp |
| 10:57 | Queue | Skirmisher |
| 10:59 | Research | Padded Archer Armor |
| 11:00 | Queue | Villager (Male) |
| 11:06 | Build | Watch Tower |
| 11:11 | Build | Watch Tower |
| 11:20 | Queue | Villager (Male) |
| 11:43 | Build | Watch Tower |
| 11:43 | Queue | Villager (Male) |
| 11:50 | Build | Palisade Wall |
| 11:52 | Build | Palisade Wall |
| 11:53 | Build | Palisade Wall |
| 11:54 | Build | Palisade Wall |
| 12:01 | Queue | Villager (Male) |
| 12:14 | Queue | Skirmisher |
| 12:25 | Build | House |
| 12:27 | Build | Mining Camp |
| 12:30 | Queue | Villager (Male) |
| 12:31 | Queue | Archer |
| 13:00 | Queue | Villager (Male) |
| 13:04 | Queue | Archer |
| 13:20 | Research | Fletching |
| 13:20 | Research | Fletching |
| 13:23 | Build | Farm |
| 13:25 | Build | Farm |
| 13:28 | Build | Farm |
| 13:32 | Research | Horse Collar |
| 13:33 | Queue | Villager (Male) |
| 13:35 | Build | Farm |
| 13:37 | Build | Farm |
| 13:39 | Build | Farm |
| 13:46 | Queue | Villager (Male) |
| 13:53 | Queue | Archer |
| 13:58 | Queue | Villager (Male) |
| 14:00 | Build | House |
| 14:01 | Build | House |
| 14:28 | Queue | Archer |
| 14:29 | Queue | Villager (Male) |
| 14:44 | Build | Watch Tower |
| 14:46 | Queue | Villager (Male) |
| 14:56 | Queue | Archer |
| 15:02 | Build | Farm |
| 15:04 | Build | Farm |
| 15:06 | Build | Farm |
| 15:09 | Build | Farm |
| 15:10 | Queue | Villager (Male) |
| 15:15 | Build | Palisade Wall |
| 15:18 | Build | Palisade Wall |
| 15:24 | Build | Palisade Wall |
| 15:27 | Build | Palisade Wall |
| 15:29 | Build | Palisade Wall |
| 15:31 | Build | Palisade Wall |
| 15:32 | Build | Palisade Wall |
| 15:34 | Build | Palisade Wall |
| 15:37 | Queue | Villager (Male) |
| 16:07 | Queue | Archer |
| 16:36 | Build | Market |
| 16:40 | Build | Stone Wall |
| 16:40 | Build | Stone Wall |
| 16:41 | Build | Stone Wall |
| 17:48 | Research | Castle Age |
| 17:48 | Research | Castle Age |
| 18:04 | Build | Palisade Wall |
| 18:06 | Build | Palisade Wall |
| 19:12 | Queue | Villager (Male) |
| 19:13 | Build | Archery Range |
| 19:16 | Build | Stone Wall |
| 19:17 | Build | Stone Wall |
| 19:17 | Build | Stone Wall |
| 19:20 | Build | Stone Wall |
| 19:20 | Build | Stone Wall |
| 19:21 | Build | Stone Wall |
| 19:22 | Build | Stone Wall |
| 19:34 | Build | Stone Wall |
| 19:38 | Build | Stone Wall |
| 19:40 | Build | Stone Wall |
| 19:41 | Build | Stone Wall |
| 19:43 | Queue | Villager (Male) |
| 19:47 | Build | Stone Wall |
| 19:58 | Queue | Archer |
| 20:03 | Queue | Villager (Male) |
| 20:07 | Build | Stable |
| 20:10 | Research | Gold Mining |
| 20:28 | Age | Castle Age |
| 20:31 | Queue | Unit 1952 |
| 20:31 | Queue | Unit 1952 |
| 20:35 | Research | Bodkin Arrow |
| 20:35 | Research | Bodkin Arrow |
| 20:36 | Queue | Villager (Male) |
| 20:43 | Build | University |
| 20:44 | Build | House |
| 20:48 | Build | House |
| 20:49 | Build | House |
| 20:50 | Build | House |
| 20:53 | Build | House |
| 20:55 | Queue | Villager (Male) |
| 21:06 | Research | Bloodlines |
| 21:06 | Research | Bloodlines |
| 21:06 | Queue | Unit 1952 |
| 21:07 | Queue | Unit 1952 |
| 21:12 | Queue | Villager (Male) |
| 21:32 | Queue | Villager (Male) |
| 21:33 | Queue | Archer |
| 21:33 | Queue | Archer |
| 21:39 | Queue | Unit 1952 |
| 21:39 | Queue | Unit 1952 |
| 21:45 | Build | Stone Wall |
| 21:49 | Build | Gate |
| 21:50 | Build | Stone Wall |
| 21:50 | Build | Stone Wall |
Match timeline
| 8:21 | Jayklops · first_building Barracks |
| 9:24 | Jayklops · age_up feudal |
| 9:25 | Jayklops · first_building Archery Range |
| 10:05 | 北冥有鲲 · wall_segment Palisade Wall x1 |
| 10:07 | 北冥有鲲 · wall_segment Palisade Wall x1 |
| 11:03 | 北冥有鲲 · age_up feudal |
| 11:50 | Jayklops · wall_segment Palisade Wall x1 |
| 11:52 | Jayklops · wall_segment Palisade Wall x1 |
| 11:53 | Jayklops · wall_segment Palisade Wall x1 |
| 11:54 | Jayklops · wall_segment Palisade Wall x1 |
| 14:50 | 北冥有鲲 · first_market_buy 100 food |
| 15:15 | Jayklops · wall_segment Palisade Wall x1 |
| 15:18 | Jayklops · wall_segment Palisade Wall x1 |
| 15:24 | Jayklops · wall_segment Palisade Wall x1 |
| 15:27 | Jayklops · wall_segment Palisade Wall x1 |
| 15:29 | Jayklops · wall_segment Palisade Wall x1 |
| 15:31 | Jayklops · wall_segment Palisade Wall x1 |
| 15:32 | Jayklops · wall_segment Palisade Wall x1 |
| 15:34 | Jayklops · wall_segment Palisade Wall x1 |
| 15:50 | 北冥有鲲 · age_up castle |
| 16:06 | 北冥有鲲 · wall_segment Palisade Wall x1 |
| 16:06 | 北冥有鲲 · wall_segment Palisade Wall x1 |
| 16:07 | 北冥有鲲 · wall_segment Palisade Wall x1 |
| 16:40 | Jayklops · wall_segment Stone Wall x1 |
| 16:40 | Jayklops · wall_segment Stone Wall x1 |
| 16:41 | Jayklops · wall_segment Stone Wall x1 |
| 17:44 | Jayklops · first_market_buy 100 food |
| 17:47 | Jayklops · first_market_sell 100 stone |
| 18:04 | Jayklops · wall_segment Palisade Wall x1 |
| 18:06 | Jayklops · wall_segment Palisade Wall x1 |
| 19:16 | Jayklops · wall_segment Stone Wall x1 |
| 19:17 | Jayklops · wall_segment Stone Wall x1 |
| 19:17 | Jayklops · wall_segment Stone Wall x1 |
| 19:17 | 北冥有鲲 · first_building Castle |
| 19:20 | Jayklops · wall_segment Stone Wall x1 |
| 19:20 | Jayklops · wall_segment Stone Wall x1 |
| 19:21 | Jayklops · wall_segment Stone Wall x1 |
| 19:22 | Jayklops · wall_segment Stone Wall x1 |
| 19:34 | Jayklops · wall_segment Stone Wall x1 |
| 19:38 | Jayklops · wall_segment Stone Wall x1 |
| 19:40 | Jayklops · wall_segment Stone Wall x3 |
| 19:41 | Jayklops · wall_segment Stone Wall x4 |
| 19:47 | Jayklops · wall_segment Stone Wall x1 |
| 20:07 | Jayklops · first_building Stable |
| 20:28 | Jayklops · age_up castle |
| 21:20 | 北冥有鲲 · first_building Monastery |
| 21:45 | Jayklops · wall_segment Stone Wall x1 |
| 21:50 | Jayklops · wall_segment Stone Wall x1 |
| 21:50 | Jayklops · wall_segment Stone Wall x1 |
| 27:23 | 北冥有鲲 · first_building Barracks |
| 29:10 | Jayklops · wall_segment Stone Wall x1 |
| 29:32 | 北冥有鲲 · first_building Stable |
| 30:58 | Jayklops · first_building Castle |
| 32:34 | Jayklops · first_building Siege Workshop |
| 32:44 | 北冥有鲲 · first_building Siege Workshop |
| 36:45 | Jayklops · age_up imperial |
| 38:51 | Jayklops · first_building Monastery |
| 41:15 | Jayklops · resign |
[ AI ANALYSIS · 1 CREDIT ]
What really happened in this match?
Wolo.gg analyzes every decision: build order, eco, micro, common mistakes by bracket. Personalized analysis on WhatsApp or Discord in 30 seconds.
Civ guide
Spanish
Perfil
Jugador #9958595